[Event "Titled Tuesday Blitz April 05 Early 2022"]
[White "Pinheiro, Iung Alicio de O."]
[Black "Stribuk, Artiom"]
[WhiteFideId "2104350"]
[BlackFideId "13515659"]
[WhiteElo "2509"]
[BlackElo "2259"]
[Result "0-1"]
[Round "03"]
[TimeControl "180+1"]
[Date "2022.04.05"]
[WhiteClock "0:00:06"]
[BlackClock "0:00:14"]

1. c4 g6 2. g3 Bg7 3. Bg2 c5 4. Nc3 Nc6 5. a3 d6 6. Rb1 e6 7. b4 Nge7 8. bxc5 dxc5 9. Nh3 O-O 10. O-O b6 11. Nf4 Bb7 12. Bb2 Qd7 13. a4 Rad8 14. d3 Na5 15. Bxb7 Qxb7 16. Qc2 Nf5 17. Nb5 Nc6 18. Bxg7 Kxg7 19. Qb2+ Kg8 20. e3 Nb4 21. Rfd1 Rd7 22. Rd2 Rfd8 23. Rbd1 Qf3 24. h4 h6 25. Qf6 Kh7 26. Nc3 Nc6 27. Ne4 Ng7 28. Qb2 Ne8 29. Nf6+ Nxf6 30. Qxf6 Qg4 31. Qc3 Qf5 32. Kg2 Kg8 33. Qb2 Qe5 34. Qb5 Qc7 35. Qb2 Qe5 36. Qc2 Nb4 37. Qb3 a5 38. Kg1 g5 39. Ne2 gxh4 40. gxh4 Kh7 41. Nf4 Rg8+ 42. Kf1 Qf5 43. Re2 Qg4 44. Ke1 e5 45. Qc3 exf4 46. exf4 Qxh4 47. Kd2 Qxf4+ 48. Re3 Qxf2+ 49. Re2 Qf4+ 50. Ke1 Rg1# 0-1


[Site "https://www.chess.com"]

[Event "Titled Tuesday Blitz April 05 Early 2022"]
[White "Plazuelo Pascual, Juan"]
[Black "Darini, Pouria"]
[WhiteFideId "32059566"]
[BlackFideId "12502200"]
[WhiteElo "2359"]
[BlackElo "2489"]
[Result "0-1"]
[Round "03"]
[TimeControl "180+1"]
[Date "2022.04.05"]
[WhiteClock "0:01:06"]
[BlackClock "0:01:14"]

1. d4 Nf6 2. c4 g6 3. Nc3 d5 4. cxd5 Nxd5 5. e4 Nxc3 6. bxc3 Bg7 7. Nf3 c5 8. Bb5+ Nc6 9. O-O O-O 10. Bxc6 bxc6 11. Be3 Qa5 12. Qc2 Rb8 13. Nd2 Ba6 14. Rfb1 Rb6 15. Rxb6 axb6 16. Nb3 Qa4 17. dxc5 b5 18. Nd4 Qxc2 19. Nxc2 Bxc3 20. Rd1 b4 21. f3 Bc4 0-1


[Site "https://www.chess.com"]

[Event "Titled Tuesday Blitz April 05 Early 2022"]
[White "Pliukha, Myhajlo"]
[Black "Oparin, Grigoriy"]
[WhiteFideId "14164698"]
[BlackFideId "24125890"]
[WhiteElo "2229"]
[BlackElo "2665"]
[Result "*"]
[Round "03"]
[TimeControl "180+1"]
[Date "2022.04.05"]
[WhiteClock "0:00:50"]
[BlackClock "0:01:51"]

1. e4 c5 2. Nc3 Nc6 3. Nf3 d6 4. d4 cxd4 5. Nxd4 Nf6 6. Bc4 e6 7. O-O Bd7 8. Bg5 Rc8 9. Ndb5 Ne5 10. Be2 Bxb5 11. Bxb5+ Nc6 12. Qd3 Be7 13. Rad1 O-O 14. Qe3 Qa5 15. Bf4 Ne5 16. Be2 Rc6 17. h3 Rfc8 18. Qg3 a6 19. a3 *


[Site "https://www.chess.com"]

[Event "Titled Tuesday Blitz April 05 Early 2022"]
[White "Polster, Christian"]
[Black "Suarez Uriel, Adrian"]
[WhiteFideId "12965081"]
[BlackFideId "22230874"]
[WhiteElo "2342"]
[BlackElo "2316"]
[Result "0-1"]
[Round "03"]
[TimeControl "180+1"]
[Date "2022.04.05"]
[WhiteClock "0:00:01"]
[BlackClock "0:00:33"]

1. d4 Nf6 2. Bf4 g6 3. e3 Bg7 4. Nd2 O-O 5. h3 d6 6. Ngf3 Nc6 7. Be2 Nd7 8. Bh2 e5 9. c4 exd4 10. exd4 Nxd4 11. Nxd4 Bxd4 12. O-O Bxb2 13. Rb1 Bg7 14. Nb3 a5 15. Bf3 a4 16. Nd4 Nc5 17. Re1 c6 18. Nc2 Bf5 19. Re2 Bd3 20. Rd2 Be4 21. Bxd6 Bxf3 22. Qxf3 Ne6 23. Rxb7 Nd4 24. Nxd4 Qxd6 25. Qxc6 Qf4 26. Nf3 Rac8 27. Qxa4 Rxc4 28. Qa3 g5 29. g3 Qe4 30. Rb3 Rfc8 31. Re3 Qc6 32. Qd6 Qb5 33. Rd1 Rc1 34. Ree1 Rxd1 35. Rxd1 h5 36. Qd5 Rc5 37. Qd8+ Kh7 38. Qd3+ Qxd3 39. Rxd3 g4 40. hxg4 hxg4 41. Nh4 Rc2 42. a3 Ra2 43. Nf5 Be5 44. Ne3 Bb2 45. Nxg4 Bxa3 46. Kg2 Bc5 47. Rf3 Kg7 48. Ne5 f6 49. Ng4 Bd4 50. Rf5 Kg6 51. Rf4 Bc3 52. Ne3 Bd2 53. Nd5 Bxf4 54. Nxf4+ Kf5 55. Kf3 Ra3+ 56. Kg2 Ke4 57. Ne2 Kd3 58. Nf4+ Kd2 59. Nd5 Ra6 60. Nf4 Kd1 61. Nh3 Ke1 62. Nf4 Ra4 63. Nd3+ Kd2 64. Nf4 Ra2 65. Nh3 Ke2 66. Ng1+ Kd3 67. Nh3 Ke4 68. Nf4 f5 69. Nh3 Rc2 70. Nf4 Rc8 71. Nh3 Rh8 72. Nf4 Rg8 73. Nh3 Rb8 74. Nf4 Rb2 75. Nh3 Kd3 76. Nf4+ Kd2 77. Nh3 Ke1 78. Kg1 Ke2 79. Kg2 Ke1 80. Kg1 Rb4 81. Kg2 Ke2 82. Nf4+ Kd2 83. Nh3 Kd3 84. Nf4+ Ke4 85. Nh3 Ke5 86. Nf4 Ra4 87. Nd3+ Kf6 88. Nf4 Kg5 89. Ne6+ Kg4 90. Nf4 Rxf4 91. gxf4 Kxf4 0-1


[Site "https://www.chess.com"]

[Event "Titled Tuesday Blitz April 05 Early 2022"]
[White "Postnikov, Daniil"]
[Black "Lauridsen, Jesper Morch"]
[WhiteFideId "4166329"]
[BlackFideId "1401890"]
[WhiteElo "2261"]
[BlackElo "2236"]
[Result "1-0"]
[Round "03"]
[TimeControl "180+1"]
[Date "2022.04.05"]
[WhiteClock "0:01:27"]
[BlackClock "0:00:35"]

1. d4 Nf6 2. c4 g6 3. Nc3 Bg7 4. e4 O-O 5. Nf3 d6 6. Be2 e5 7. O-O Nc6 8. d5 Ne7 9. b4 Nh5 10. a4 f5 11. Nd2 Nf4 12. c5 Nxe2+ 13. Qxe2 Bh6 14. Nc4 Bxc1 15. Raxc1 f4 16. f3 a6 17. a5 g5 18. Qf2 Ng6 19. cxd6 cxd6 20. Qb6 Qxb6+ 21. Nxb6 Rb8 22. Nca4 h5 23. Rc7 Re8 24. Rfc1 Ne7 25. Rxe7 Rxe7 26. Nxc8 Rd7 27. Nab6 Rd8 28. Ne7+ Kf7 29. Nf5 g4 30. Rc7+ Kg6 31. Nd7 Rbc8 32. Ne7+ 1-0


[Site "https://www.chess.com"]

[Event "Titled Tuesday Blitz April 05 Early 2022"]
[White "Pourkashiyan, Atousa"]
[Black "Horcajuelo Rocamora, Martin"]
[WhiteFideId "12502014"]
[BlackFideId "24573027"]
[WhiteElo "2247"]
[BlackElo "1822"]
[Result "0-1"]
[Round "03"]
[TimeControl "180+1"]
[Date "2022.04.05"]
[WhiteClock "0:00:08"]
[BlackClock "0:00:18"]

1. e4 e5 2. Nf3 Nc6 3. Bb5 Nf6 4. d3 d6 5. O-O Be7 6. c3 a6 7. Ba4 b5 8. Bb3 O-O 9. Nbd2 Na5 10. Bc2 c5 11. Re1 Re8 12. Nf1 Bf8 13. Ng3 Nc6 14. Bg5 h6 15. Be3 Kh7 16. h3 Bb7 17. Qd2 g6 18. Rad1 Rc8 19. Nh2 Bg7 20. Bb3 Qe7 21. Qe2 Na5 22. Bc2 d5 23. Nf3 d4 24. Bc1 Nc6 25. Nh2 dxc3 26. bxc3 b4 27. Bb2 bxc3 28. Bxc3 Nd4 29. Bxd4 cxd4 30. Bb3 Nd7 31. Nf3 Nc5 32. Bc4 Qd7 33. Qd2 Na4 34. Ne2 f5 35. Ng3 Nc3 36. Rc1 fxe4 37. Nh2 exd3 38. Bxd3 e4 39. Bc2 Qd6 40. Bb3 e3 41. Qc2 Be5 42. Nf3 Bxg3 43. fxg3 Qxg3 44. Nxd4 e2 45. Nxe2 Qxg2# 0-1


[Site "https://www.chess.com"]

[Event "Titled Tuesday Blitz April 05 Early 2022"]
[White "Reprintsev, Alexander"]
[Black "Becerra, Juan David"]
[WhiteFideId "14100541"]
[BlackFideId "4404998"]
[WhiteElo "2108"]
[BlackElo "2277"]
[Result "0-1"]
[Round "03"]
[TimeControl "180+1"]
[Date "2022.04.05"]
[WhiteClock "0:00:06"]
[BlackClock "0:00:07"]

1. e4 e5 2. f4 Nc6 3. Nf3 d5 4. exd5 Qxd5 5. Nc3 Qe6 6. fxe5 Nxe5 7. Nxe5 Qxe5+ 8. Qe2 Qxe2+ 9. Bxe2 Be6 10. Nb5 Kd8 11. Bf3 c6 12. Nd4 Bd7 13. d3 Bd6 14. Bd2 Kc7 15. O-O-O Ne7 16. a3 Rae8 17. g3 h5 18. b4 h4 19. g4 h3 20. Rdf1 g6 21. Bd1 Rh7 22. Nf3 f6 23. g5 f5 24. Bc3 Nd5 25. Bd4 Bf4+ 26. Kb2 Ne3 27. Re1 Nxd1+ 28. Rxd1 Rhe7 29. Bf6 Re2 30. Ng1 R2e3 31. Rf1 Be5+ 32. Bxe5+ R8xe5 33. Nf3 Re6 34. Nd4 Rd6 35. Rf4 Be6 36. Rh4 Bd5 37. Rf1 Bg2 38. Rf2 a5 39. bxa5 Rd5 40. a6 bxa6 41. Rff4 Re1 42. Rh6 Rd6 43. Rh7+ Rd7 44. Rfh4 Rh1 45. Ne6+ Kd6 46. Rxd7+ Kxd7 47. Nf8+ Kd6 48. Nxg6 Rxh2 49. Nf4 Ke5 50. g6 Kf6 51. Rh7 Bd5 52. g7 Rh1 53. Nxh3 f4 54. Rh6+ Kxg7 55. Rh4 f3 56. Rg4+ Kf7 57. Rf4+ Ke6 58. Ng5+ Ke5 59. Rf8 Rf1 60. Kc3 c5 61. Kd2 Kd6 62. Ke3 Re1+ 63. Kd2 Re2+ 64. Kc3 Rf2 65. Rf6+ Ke5 66. Rf8 Rf1 67. Kd2 Rf2+ 68. Kd1 Kd4 69. Rd8 Kc3 70. Ke1 Re2+ 71. Kf1 Re5 72. Ne4+ Bxe4 73. dxe4 Rxe4 74. Kf2 Kxc2 75. Rc8 c4 76. Kxf3 Rh4 77. Ra8 Rh6 78. Ke4 c3 79. a4 Kc1 80. a5 c2 81. Rb8 Rd6 82. Ke5 Rd2 83. Rb6 Kd1 84. Rxa6 c1=Q 85. Rb6 Re2+ 86. Kd4 Qc2 87. Rd6 Rd2+ 88. Ke5 Rxd6 89. Kxd6 Qa4 0-1


[Site "https://www.chess.com"]

[Event "Titled Tuesday Blitz April 05 Early 2022"]
[White "Roberson, Peter T"]
[Black "Pischal, Yulia"]
[WhiteFideId "412384"]
[BlackFideId "14102390"]
[WhiteElo "2346"]
[BlackElo "1931"]
[Result "1-0"]
[Round "03"]
[TimeControl "180+1"]
[Date "2022.04.05"]
[WhiteClock "0:00:04"]
[BlackClock "0:00:02"]

1. e4 c5 2. Na3 g6 3. c3 Bg7 4. Nf3 d6 5. d4 Nd7 6. Be2 Ngf6 7. O-O Nxe4 8. Re1 O-O 9. Bf4 cxd4 10. cxd4 Ndf6 11. Bd3 d5 12. Nc2 Bf5 13. Ne3 Be6 14. h3 h6 15. Qb3 Qb6 16. Qa3 Rfe8 17. Rad1 a5 18. Ne5 Qb4 19. f3 Nd6 20. Qxb4 axb4 21. Bb1 Rec8 22. Nd3 Nc4 23. Nxc4 Rxc4 24. Nc5 Nd7 25. Nxe6 fxe6 26. Rxe6 Rxd4 27. Rxd4 Bxd4+ 28. Kf1 Nf8 29. Rxe7 Bf6 30. Rxb7 Bxb2 31. Bxh6 Bc3 32. Bxf8 Rxf8 33. Bxg6 Rf6 34. Bd3 Re6 35. h4 Re1+ 36. Kf2 Ra1 37. Rb8+ Kg7 38. Ra8 Bd4+ 39. Kg3 Rd1 40. Bc2 Rd2 41. Bb3 Be5+ 42. Kh3 d4 43. Rd8 d3 44. Bc4 Rc2 45. Bxd3 Rxa2 46. Bc4 Ra3 47. Rd7+ Kf6 48. Rb7 Bc3 49. Kg4 Ra1 50. h5 1-0


[Site "https://www.chess.com"]

[Event "Titled Tuesday Blitz April 05 Early 2022"]
[White "Rodchenkov, Sergey D."]
[Black "Hamidi, Amir Mohammad"]
[WhiteFideId "4168712"]
[BlackFideId "12563285"]
[WhiteElo "2306"]
[BlackElo "2273"]
[Result "0-1"]
[Round "03"]
[TimeControl "180+1"]
[Date "2022.04.05"]
[WhiteClock "0:00:22"]
[BlackClock "0:00:56"]

1. e4 g6 2. d4 Bg7 3. Nc3 d6 4. Be3 a6 5. h4 h6 6. h5 g5 7. g3 b5 8. f4 gxf4 9. gxf4 Bb7 10. Bg2 Nf6 11. d5 c6 12. Nge2 b4 13. Na4 Nbd7 14. Ng3 cxd5 15. Nf5 Bf8 16. exd5 Qa5 17. c4 bxc3 18. Nxc3 Rg8 19. Bf3 Nc5 20. Qc2 Nxd5 21. Bxc5 Qxc5 22. O-O-O Nxc3 23. Bxb7 Rb8 24. Bxa6 Nxa2+ 25. Kb1 Qxc2+ 26. Kxc2 Nb4+ 27. Kc3 Nxa6 28. Rhe1 Kd7 29. Ra1 Nc7 30. Ra7 e6 31. Nd4 Bg7 0-1


[Site "https://www.chess.com"]

[Event "Titled Tuesday Blitz April 05 Early 2022"]
[White "Rodchenkov, Vitaly"]
[Black "Ozer, Omer Faruk"]
[WhiteFideId "4152964"]
[BlackFideId "6354564"]
[WhiteElo "2337"]
[BlackElo "2050"]
[Result "0-1"]
[Round "03"]
[TimeControl "180+1"]
[Date "2022.04.05"]
[WhiteClock "0:00:32"]
[BlackClock "0:01:30"]

1. Nf3 Nf6 2. c4 e6 3. g3 d5 4. d4 dxc4 5. Bg2 a6 6. O-O Nc6 7. a4 Rb8 8. a5 b5 9. axb6 cxb6 10. Ne5 Nxe5 11. dxe5 Qxd1 12. Rxd1 Nd7 13. f4 Bc5+ 14. Kf1 Ke7 15. Nc3 b5 16. Ne4 Bb6 17. Nd6 Nc5 18. Be3 Nb3 19. Bxb6 Rxb6 20. Ra3 Bd7 21. e3 b4 22. Ra2 a5 23. Nxc4 Bb5 24. Kf2 Bxc4 25. Bf1 Bxf1 26. Kxf1 Rd8 27. Rxd8 Kxd8 28. Ke2 Nc1+ 0-1


[Site "https://www.chess.com"]

[Event "Titled Tuesday Blitz April 05 Early 2022"]
[White "Rohith Krishna S"]
[Black "Svane, Frederik"]
[WhiteFideId "46617051"]
[BlackFideId "12923044"]
[WhiteElo "2117"]
[BlackElo "2459"]
[Result "*"]
[Round "03"]
[TimeControl "180+1"]
[Date "2022.04.05"]
[WhiteClock "0:02:02"]
[BlackClock "0:00:49"]

1. d4 Nf6 2. c4 e6 3. Nc3 Bb4 4. Qc2 O-O 5. Nf3 d5 6. Bg5 h6 7. Bh4 Nbd7 8. e3 Re8 9. a3 Bxc3+ 10. Qxc3 b6 11. cxd5 Nxd5 12. Bxd8 Nxc3 13. Bxc7 Nd5 14. Bg3 Bb7 15. Bb5 Red8 16. O-O N7f6 17. Rfc1 Ne4 18. Ne5 Rac8 19. Bc6 Ba6 20. b4 Ndc3 *


[Site "https://www.chess.com"]

[Event "Titled Tuesday Blitz April 05 Early 2022"]
[White "Ronka, Erik"]
[Black "Sychev, Klementy"]
[WhiteFideId "505080"]
[BlackFideId "4114060"]
[WhiteElo "2264"]
[BlackElo "2564"]
[Result "1/2-1/2"]
[Round "03"]
[TimeControl "180+1"]
[Date "2022.04.05"]
[WhiteClock "0:00:08"]
[BlackClock "0:00:04"]

1. e4 g6 2. d4 Bg7 3. Nf3 d6 4. Bc4 Nf6 5. Qe2 d5 6. exd5 Nxd5 7. O-O O-O 8. h3 Nc6 9. c3 Bf5 10. Re1 Re8 11. Ne5 Nxe5 12. dxe5 c6 13. Bb3 a5 14. Bc2 Bxc2 15. Qxc2 Qc7 16. Qe4 a4 17. Na3 Ra5 18. c4 Nb6 19. f4 Rd8 20. Be3 Nd7 21. Rad1 Nc5 22. Qc2 e6 23. Rxd8+ Qxd8 24. Rd1 Qc7 25. Qd2 Bf8 26. Nc2 Ra8 27. Qf2 Nd7 28. Nd4 a3 29. b3 Nc5 30. Nc2 b6 31. Qf3 Rd8 32. Kh2 Rxd1 33. Qxd1 Na6 34. Bc1 Nb4 35. Bxa3 Nxa2 36. Bxf8 Kxf8 37. Qa1 g5 38. Qxa2 gxf4 39. Qb2 f6 40. Nd4 Qxe5 41. Qd2 f3+ 42. g3 Qe4 43. Kg1 c5 44. Nc2 Ke7 45. Kf2 h5 46. Ne3 h4 47. gxh4 Qxh4+ 48. Kxf3 Qxh3+ 49. Ke2 Qh2+ 50. Kd3 Qe5 51. Nc2 f5 52. Qe3 Qd6+ 53. Ke2 Qh2+ 54. Qf2 Qh5+ 55. Qf3 Qh2+ 56. Qf2 Qh3 57. Qf3 Qh2+ 58. Qf2 1/2-1/2


[Site "https://www.chess.com"]

[Event "Titled Tuesday Blitz April 05 Early 2022"]
[White "Sadhwani, Raunak"]
[Black "Kezin, Roman"]
[WhiteFideId "35093487"]
[BlackFideId "24124621"]
[WhiteElo "2616"]
[BlackElo "2570"]
[Result "*"]
[Round "03"]
[TimeControl "180+1"]
[Date "2022.04.05"]
[WhiteClock "0:01:23"]
[BlackClock "0:01:41"]

1. d4 d5 2. Nf3 Nf6 3. Bf4 c5 4. e3 Nc6 5. Nbd2 g6 6. c3 Bg7 7. h3 O-O 8. Be2 Nd7 9. O-O e5 10. dxe5 Ndxe5 11. Nxe5 Nxe5 12. Nf3 Nc4 13. Bxc4 dxc4 14. Bd6 Qb6 15. Bxf8 Kxf8 16. Qe2 Qa6 17. e4 Bd7 18. Nd2 b5 19. f4 Re8 20. e5 *


[Site "https://www.chess.com"]

[Event "Titled Tuesday Blitz April 05 Early 2022"]
[White "Sadovsky, Artem"]
[Black "Araujo Filho, Luiz Antonio Coel"]
[WhiteFideId "4155840"]
[BlackFideId "2130661"]
[WhiteElo "2314"]
[BlackElo "2258"]
[Result "1-0"]
[Round "03"]
[TimeControl "180+1"]
[Date "2022.04.05"]
[WhiteClock "0:01:20"]
[BlackClock "0:01:32"]

1. c4 f5 2. d3 Nf6 3. Nc3 g6 4. e4 d6 5. exf5 Bxf5 6. d4 Bg7 7. h3 O-O 8. g4 Bc8 9. Bg2 c6 10. Nge2 Qe8 11. O-O e5 12. d5 c5 13. Ng3 Nbd7 14. g5 Nh5 15. Nxh5 gxh5 16. Ne4 Qe7 17. Qxh5 Nb6 18. g6 hxg6 19. Qxg6 Nxc4 20. Bg5 Qf7 21. Nf6+ 1-0


[Site "https://www.chess.com"]

[Event "Titled Tuesday Blitz April 05 Early 2022"]
[White "Sahil, Tickoo"]
[Black "Diaz Rosas, Julio Cesar"]
[WhiteFideId "5019710"]
[BlackFideId "5105099"]
[WhiteElo "2099"]
[BlackElo "2278"]
[Result "0-1"]
[Round "03"]
[TimeControl "180+1"]
[Date "2022.04.05"]
[WhiteClock "0:00:01"]
[BlackClock "0:00:11"]

1. d4 Nf6 2. c4 e6 3. Nc3 Bb4 4. Qc2 b6 5. Bg5 h6 6. Bh4 g5 7. Bg3 Bb7 8. e3 Ne4 9. Ne2 f5 10. f3 Nxg3 11. hxg3 Qf6 12. a3 Bf8 13. O-O-O Nc6 14. Kb1 Bg7 15. Ka1 Na5 16. Nc1 d6 17. Nb3 Nxb3+ 18. Qxb3 O-O 19. Bd3 c5 20. Bb1 Rfd8 21. Rd2 cxd4 22. Rxd4 Qe7 23. Rd2 Rac8 24. g4 fxg4 25. Be4 Ba6 26. Bd3 Rc5 27. Ne4 Ra5 28. Kb1 Qf7 29. Nc3 Qf6 30. Ne4 Qf7 31. Nc3 g3 32. Rf1 Be5 33. Ne2 Rc8 34. f4 Bg7 35. Nxg3 g4 36. f5 e5 37. Ne4 Rd8 38. f6 Bf8 39. Ng3 h5 40. Rh1 d5 41. cxd5 Qxd5 42. Qxd5+ Raxd5 43. Bxa6 Rxd2 44. Bc4+ Kh7 45. Rxh5+ Kg6 46. f7 Rxg2 47. Bb3 Rxg3 0-1


[Site "https://www.chess.com"]

[Event "Titled Tuesday Blitz April 05 Early 2022"]
[White "Sai Agni Jeevitesh, J"]
[Black "Agibileg, Uurtsaikh"]
[WhiteFideId "5070147"]
[BlackFideId "4901606"]
[WhiteElo "2190"]
[BlackElo "2205"]
[Result "1/2-1/2"]
[Round "03"]
[TimeControl "180+1"]
[Date "2022.04.05"]
[WhiteClock "0:00:04"]
[BlackClock "0:00:05"]

1. Nf3 Nf6 2. d3 g6 3. Nbd2 Bg7 4. e4 O-O 5. Be2 c5 6. O-O Nc6 7. c3 e5 8. a4 d6 9. Qc2 h6 10. h3 Be6 11. Nc4 Qd7 12. Re1 Rfe8 13. Bf1 Nh5 14. a5 Nf4 15. Kh2 d5 16. exd5 Bxd5 17. Nfxe5 Nxe5 18. Bxf4 Nxc4 19. dxc4 Bc6 20. Rad1 Qc8 21. Bd6 Rxe1 22. Rxe1 Qd7 23. Bg3 Rd8 24. Be2 h5 25. Rd1 Qe7 26. Rxd8+ Qxd8 27. b4 h4 28. Bf4 Qf6 29. Qd2 Qxc3 30. Qd8+ Kh7 31. Qxh4+ Kg8 32. b5 Be4 33. Qd8+ Kh7 34. a6 bxa6 35. bxa6 Qc2 36. Qh4+ Kg8 37. Qd8+ Kh7 38. Qd1 Qa2 39. Bf3 Bxf3 40. Qxf3 Qxa6 41. Qd5 Qf6 42. Be3 a5 43. Bxc5 a4 44. g3 a3 45. Bxa3 Qxf2+ 46. Qg2 Qe3 47. Bb2 Bf8 48. h4 Bd6 49. Bf6 Qe6 50. Bg5 Qxc4 51. Qf3 Qa2+ 52. Kh3 Qe6+ 53. Kg2 Kg7 54. Qf2 Qd5+ 55. Qf3 Qa2+ 56. Qf2 Qe6 57. Bf4 Qe4+ 58. Qf3 Qc2+ 59. Qf2 Qxf2+ 60. Kxf2 Bxf4 61. gxf4 Kf6 62. Kg3 Kf5 63. Kf3 Ke6 64. Kg4 Kf6 65. Kg3 Kg7 66. Kg4 Kh6 67. Kg3 Kh5 68. Kh3 Kh6 69. Kg3 Kg7 70. Kg4 Kf6 71. Kg3 1/2-1/2


[Site "https://www.chess.com"]

[Event "Titled Tuesday Blitz April 05 Early 2022"]
[White "Salinas Herrera, Pablo"]
[Black "Dixit, Nikhil"]
[WhiteFideId "3407128"]
[BlackFideId "5059534"]
[WhiteElo "2541"]
[BlackElo "2223"]
[Result "*"]
[Round "03"]
[TimeControl "180+1"]
[Date "2022.04.05"]
[WhiteClock "0:01:24"]
[BlackClock "0:01:28"]

1. d4 Nf6 2. Nf3 g6 3. Nbd2 Bg7 4. e4 d6 5. Bb5+ c6 6. Bd3 O-O 7. O-O Qc7 8. Re1 e5 9. c3 Nbd7 10. h3 Re8 11. Nf1 d5 12. Nxe5 dxe4 13. Nxd7 Bxd7 14. Bc2 Re7 15. Ng3 Rae8 16. Bg5 e3 17. Qf3 exf2+ 18. Qxf2 Rxe1+ 19. Rxe1 Rxe1+ 20. Qxe1 h6 21. Bd2 Qd6 22. Bb3 h5 23. Bg5 *


[Site "https://www.chess.com"]

[Event "Titled Tuesday Blitz April 05 Early 2022"]
[White "Samaganova, Aleksandra"]
[Black "Derraugh, Geordie"]
[WhiteFideId "13800221"]
[BlackFideId "2603950"]
[WhiteElo "1859"]
[BlackElo "2116"]
[Result "0-1"]
[Round "03"]
[TimeControl "180+1"]
[Date "2022.04.05"]
[WhiteClock "0:00:09"]
[BlackClock "0:01:30"]

1. c4 Nf6 2. Nc3 d5 3. cxd5 Nxd5 4. Nf3 g6 5. d4 Bg7 6. e4 Nxc3 7. bxc3 c5 8. Be3 O-O 9. Be2 Nc6 10. h3 Qa5 11. Bd2 cxd4 12. cxd4 Qa3 13. Be3 Qc3+ 14. Bd2 Qb2 15. d5 Qxa1 16. Qxa1 Bxa1 17. dxc6 bxc6 18. O-O Bg7 19. Bb4 Re8 20. Rc1 Be6 21. a3 a5 22. Bc5 Rab8 23. Nd4 Bd7 24. Nc2 Bb2 25. Rd1 Be6 26. Nd4 Bxd4 27. Rxd4 Rb1+ 28. Kh2 Rb2 29. Bc4 Rxf2 30. Bxe6 fxe6 31. Rd7 Re2 32. Bxe7 Rxe4 33. Bf6 Rf4 34. Be5 Rf5 35. Rg7+ Kf8 36. Bd4 Rf7 37. Bc5+ Kxg7 0-1


[Site "https://www.chess.com"]

[Event "Titled Tuesday Blitz April 05 Early 2022"]
[White "Samant Aditya S"]
[Black "Naroditsky, Daniel"]
[WhiteFideId "35080580"]
[BlackFideId "2026961"]
[WhiteElo "1916"]
[BlackElo "2608"]
[Result "*"]
[Round "03"]
[TimeControl "180+1"]
[Date "2022.04.05"]
[WhiteClock "0:00:44"]
[BlackClock "0:02:03"]

1. d4 Nf6 2. c4 g6 3. Nc3 Bg7 4. e4 d6 5. h3 O-O 6. Nf3 e5 7. d5 Nh5 8. g3 f5 9. Be2 Nf6 10. exf5 gxf5 11. g4 Na6 12. Ng5 Nc5 13. Be3 h6 14. Bxc5 hxg5 15. Ba3 *


[Site "https://www.chess.com"]

[Event "Titled Tuesday Blitz April 05 Early 2022"]
[White "Sanchez Alvares, Kelvin Antonio"]
[Black "Gatterer, Florian"]
[WhiteFideId "3906680"]
[BlackFideId "811688"]
[WhiteElo "2193"]
[BlackElo "2218"]
[Result "1/2-1/2"]
[Round "03"]
[TimeControl "180+1"]
[Date "2022.04.05"]
[WhiteClock "0:00:05"]
[BlackClock "0:00:09"]

1. e4 d6 2. d4 Nf6 3. Nc3 g6 4. f4 Bg7 5. Nf3 O-O 6. e5 dxe5 7. fxe5 Nd5 8. Ne4 Bf5 9. Ng3 Bg4 10. Be2 c5 11. dxc5 Qa5+ 12. c3 Qxc5 13. Qd4 Qxd4 14. cxd4 Nc6 15. h3 Bxf3 16. Bxf3 Rad8 17. Ne2 Ndb4 18. Bxc6 Nxc6 19. Be3 f6 20. exf6 exf6 21. Kf2 Rfe8 22. Rad1 Nb4 23. a3 Nd5 24. Bc1 f5 25. Rhe1 Nf6 26. Nc3 Rxe1 27. Kxe1 Nd5 28. Ke2 Kf7 29. Bg5 Rd7 30. Nxd5 Rxd5 31. Be3 Rd7 32. Kd3 Ke6 33. Rc1 f4 34. Bf2 a6 35. Ke4 g5 36. Rc5 h6 37. d5+ Kd6 38. b4 Re7+ 39. Kf3 Re5 40. Bd4 Re7 41. Bxg7 Rxg7 42. Kg4 Re7 43. h4 Re3 44. hxg5 hxg5 45. Kxg5 Rg3+ 46. Kxf4 Rxg2 47. Ke4 Ra2 48. Rc3 Re2+ 49. Kd4 Rg2 50. Rh3 Rg4+ 51. Kc3 Kxd5 52. Rh7 Kc6 53. a4 Kb6 54. a5+ Ka7 55. Rc7 Rg3+ 56. Kb2 Rg2+ 57. Kb3 Rg3+ 58. Rc3 Rg4 59. Rc4 Rg3+ 60. Rc3 Rg4 61. Rc4 Rg3+ 62. Rc3 1/2-1/2


[Site "https://www.chess.com"]

[Event "Titled Tuesday Blitz April 05 Early 2022"]
[White "Seemann, Jakub"]
[Black "Chincholimath, Halsagar"]
[WhiteFideId "21874697"]
[BlackFideId "5022487"]
[WhiteElo "2003"]
[BlackElo "1737"]
[Result "1-0"]
[Round "03"]
[TimeControl "180+1"]
[Date "2022.04.05"]
[WhiteClock "0:01:11"]
[BlackClock "0:00:02"]

1. b3 c5 2. Bb2 Nc6 3. g3 e5 4. Bg2 d6 5. d3 g6 6. Nd2 Bg7 7. e3 Nge7 8. Ne2 O-O 9. O-O Be6 10. h3 f5 11. a3 g5 12. f4 gxf4 13. exf4 Ng6 14. fxe5 Ngxe5 15. Nf4 Bf7 16. Nc4 Rb8 17. Nxe5 dxe5 18. Nh5 Bh8 19. Rxf5 Bg6 20. Rxf8+ Qxf8 21. Qg4 Qe8 22. Bd5+ Kf8 23. Rf1+ Ke7 24. Qg5+ Kd6 25. Nf6 Qe7 26. Bg2 Rf8 27. Ne4+ Bxe4 28. Qxe7+ Kxe7 29. Bxe4 Rxf1+ 30. Kxf1 h6 31. c3 Kf6 32. Ke2 Nd8 33. Kf3 b6 34. Bc1 Bg7 35. h4 Ne6 36. g4 b5 37. Bc6 b4 38. axb4 cxb4 39. Bd2 bxc3 40. Bxc3 Nf4 41. Be4 Kf7 42. Bd2 Ne6 43. g5 Nd4+ 44. Kg4 Nxb3 45. Bd5+ 1-0


[Site "https://www.chess.com"]

[Event "Titled Tuesday Blitz April 05 Early 2022"]
[White "Shandrygin, Nikita"]
[Black "Priasmoro, Novendra"]
[WhiteFideId "24198668"]
[BlackFideId "7105029"]
[WhiteElo "2323"]
[BlackElo "2309"]
[Result "0-1"]
[Round "03"]
[TimeControl "180+1"]
[Date "2022.04.05"]
[WhiteClock "0:00:03"]
[BlackClock "0:00:46"]

1. Nf3 Nf6 2. g3 g6 3. Bg2 Bg7 4. O-O O-O 5. d4 d5 6. b3 c5 7. Bb2 Ne4 8. Nbd2 Nc6 9. e3 Bg4 10. h3 Nxd2 11. Qxd2 Bxf3 12. Bxf3 cxd4 13. exd4 e6 14. h4 Qf6 15. Qe3 Nxd4 16. Bxd4 Qxd4 17. Qxd4 Bxd4 18. Rad1 Bf6 19. c4 dxc4 20. bxc4 Rac8 21. Bxb7 Rxc4 22. Rd2 Rb8 23. Bf3 Bd4 24. Be2 Rcb4 25. Rc1 e5 26. Kg2 Rb2 27. Rcc2 Rxc2 28. Rxc2 h5 29. Bc4 a5 30. Bb3 Rb7 31. Kf3 Kg7 32. Ke2 Ra7 33. Rc4 Rd7 34. Rc6 f5 35. f3 Re7 36. Bd5 a4 37. a3 Rd7 38. Bc4 Rb7 39. Ra6 Rb2+ 40. Kd3 Rg2 41. Bd5 Rxg3 42. Rxa4 Rh3 43. Rc4 Rxh4 44. Rc7+ Kh6 45. Rc6 Rh3 46. a4 Bg1 47. a5 e4+ 48. Ke2 Rxf3 49. Bf7 Kg7 50. Rxg6+ Kxf7 51. Rxg1 Ra3 52. Rg5 Kf6 53. Rxh5 Rxa5 54. Rh8 0-1


[Site "https://www.chess.com"]

[Event "Titled Tuesday Blitz April 05 Early 2022"]
[White "Shimanov, Aleksandr"]
[Black "Kucuksari, Kaan"]
[WhiteFideId "4198603"]
[BlackFideId "6380166"]
[WhiteElo "2636"]
[BlackElo "2305"]
[Result "*"]
[Round "03"]
[TimeControl "180+1"]
[Date "2022.04.05"]
[WhiteClock "0:01:41"]
[BlackClock "0:01:20"]

1. d4 d5 2. Nc3 Nf6 3. Bf4 c5 4. e4 dxe4 5. dxc5 Qa5 6. Bxb8 Rxb8 7. Qd4 Bd7 8. b4 Qd8 9. Nxe4 Nxe4 10. Qxe4 Bc6 11. Qf4 g5 12. Qe5 Rg8 13. Rd1 Qc8 14. Nf3 Bg7 15. Qe3 *


[Site "https://www.chess.com"]

[Event "Titled Tuesday Blitz April 05 Early 2022"]
[White "Shipov, Sergei"]
[Black "Pajeken, Jakob Leon"]
[WhiteFideId "4113624"]
[BlackFideId "12942839"]
[WhiteElo "2730"]
[BlackElo "2351"]
[Result "1-0"]
[Round "03"]
[TimeControl "180+1"]
[Date "2022.04.05"]
[WhiteClock "0:02:14"]
[BlackClock "0:02:26"]

1. d4 d5 2. c4 dxc4 3. Nf3 Nf6 4. e3 e6 5. Bxc4 c5 6. Qe2 Nc6 7. O-O a6 8. dxc5 Bxc5 9. Nbd2 O-O 10. Bd3 e5 11. Ne4 Nxe4 12. Bxe4 Qe7 13. Bd2 Bd7 14. Rac1 Bd6 15. Rfd1 f6 16. Be1 Rfd8 17. Qd3 1-0


[Site "https://www.chess.com"]